[Event "FIDE Womens Grand Swiss 2021"]
[Site "Riga"]
[Date "2021.11.01"]
[Round "6.12"]
[White "Saduakassova, Dinara"]
[Black "Socko, Monika"]
[Result "1/2-1/2"]
[ECO "B43"]
[WhiteElo "2491"]
[BlackElo "2397"]
[Annotator "RC"]
[PlyCount "93"]
[EventDate "2021.10.27"]
[EventType "swiss"]
[EventCountry "LAT"]
[Tiebreak "Cut1 Buchholz+Sonneborn-Berger (Swiss)"]
[SourceTitle "playchess.com"]
[Source "ChessBase"]
[SourceQuality "1"]
[TimeControl "40/6000+30:20/3000+30:900+30"]

1. d4 e6 2. Nf3 c5 3. Nc3 cxd4 4. Nxd4 a6 5. e4 Qc7 6. Be2 Nf6 7. O-O Bb4 8. Qd3 Nc6 9. Nxc6 bxc6 10. f4 d5 11. e5 Nd7 12. Nd1 O-O 13.
Nf2 a5 14. Qh3 f5 15. Be3 Be7 16. g4 Nc5 17. Bxc5 Bxc5 18. Kh1 Rb8 19. b3 Bxf2 20. Rxf2 c5 21. gxf5 exf5 22. Rg1 Rb6 23. Rg5 d4 24. Bf3 g6 25. Bd5+ Be6 26. Qf3 Bxd5 27. Qxd5+ Kg7 28. Rfg2 Qc6 29. Qxc6 Rxc6 30. h4 a4 31. h5 axb3 32. axb3 Ra6 33. Kg1 Kf7 34. Kf2 Rc8 35. R5g3 c4 36. bxc4 Rxc4 37. Ke1 d3 38. Rxd3 Rxf4 39. Rd7+ Ke6 40. Rxh7 Ra1+ 41. Kd2 gxh5 42. Re2 Re4 43. Rxe4 fxe4 44. Rxh5 Ra3 45. c3 e3+ 46. Kxe3 Rxc3+ 47. Kd4 1/2-1/2

[Event "FIDE Womens Grand Swiss 2021"]
[Site "Riga"]
[Date "2021.11.01"]
[Round "6.13"]
[White "Maltsevskaya, Aleksandra"]
[Black "Arakhamia-Grant, Ketevan"]
[Result "1-0"]
[ECO "B32"]
[WhiteElo "2411"]
[BlackElo "2376"]
[Annotator "NA"]
[PlyCount "81"]
[EventDate "2021.10.27"]
[EventType "swiss"]
[EventCountry "LAT"]
[Tiebreak "Cut1 Buchholz+Sonneborn-Berger (Swiss)"]
[SourceTitle "playchess.com"]
[Source "ChessBase"]
[SourceQuality "1"]
[TimeControl "40/6000+30:20/3000+30:900+30"]

1. e4 c5 2. Nf3 Nc6 3. d4 cxd4 4. Nxd4 e5 5. Nb5 d6 6. c4 Be7 7. N1c3 a6 8. Na3 Nf6 9. Nc2 O-O 10. Be2 Ne8 11. O-O Bg5 12. Bg4 Bxc1 13.
Rxc1 Qh4 14. Bxc8 Rxc8 15. g3 Qh3 $11 16. Nd5 Nc7 17. f4 Nxd5 18. cxd5 exf4 19. dxc6 fxg3 20. Qe2 Rxc6 21. Nd4 gxh2+ 22. Kh1 Rxc1 23. Rxc1 g6 24. Qf3 Qh4 25. Ne2 Re8 26. Nc3 Kg7 27. Rf1 f6 28. Qd3 Re5 29. Qxd6 b5 30. b4 a5 31. bxa5 b4 32. Qxb4 Rg5 33.
Qd4 Rxa5 34. Nd5 Rxa2 35. Nxf6 Qh3 36. Ne8+ Kh6 37. Qg7+ Kg5 38. Rf5+ Kg4 39. Nf6+ Kg3 40. Qc7+ Kh4 41. Qf4+ 1-0

[Event "FIDE Womens Grand Swiss 2021"]
[Site "Riga"]
[Date "2021.11.01"]
[Round "6.14"]
[White "Garifullina, Leya"]
[Black "Melia, Salome"]
[Result "1/2-1/2"]
[ECO "B30"]
[WhiteElo "2409"]
[BlackElo "2371"]
[Annotator "ChessBase"]
[PlyCount "64"]
[EventDate "2021.10.27"]
[EventType "swiss"]
[EventCountry "LAT"]
[Tiebreak "Cut1 Buchholz+Sonneborn-Berger (Swiss)"]
[SourceTitle "playchess.com"]
[Source "ChessBase"]
[SourceQuality "1"]
[TimeControl "40/6000+30:20/3000+30:900+30"]

1. e4 c5 2. Nf3 Nc6 3. Bb5 Nf6 4. Nc3 Qc7 5. O-O Nd4 6.
Re1 a6 7. Bc4 e6 8. e5 Ng8 9. b3 b5 10. Bd3 Bb7 11. Be4 Nc6 12. Bb2 Be7 13.
d4 cxd4 14. Nxd4 Nxd4 15. Qxd4 f5 16. Bxb7 Qxb7 17. Rad1 Rc8 18. Qd3 Bc5 19. a4 b4 20. Ne2 Ne7 21. Nf4 Rc7 22. Re2 Ng6 23. Nxg6 hxg6 24. Qg3 Kf7 25. Bc1 a5 26. Bg5 Rhc8 27. Qh4 Bf8 28. Red2 Kg8 29. h3 Qe4 30. Qxe4 fxe4 31. Rxd7 Rxd7 32. Rxd7 Rxc2 1/2-1/2

[Event "FIDE Womens Grand Swiss 2021"]
[Site "Riga"]
[Date "2021.11.01"]
[Round "6.15"]
[White "Sargsyan, Anna M."]
[Black "Rogule, Laura"]
[Result "0-1"]
[ECO "E14"]
[WhiteElo "2402"]
[BlackElo "2289"]
[Annotator "ChessBase"]
[PlyCount "64"]
[EventDate "2021.10.27"]
[EventType "swiss"]
[EventCountry "LAT"]
[Tiebreak "Cut1 Buchholz+Sonneborn-Berger (Swiss)"]
[SourceTitle "playchess.com"]
[Source "ChessBase"]
[SourceQuality "1"]
[TimeControl "40/6000+30:20/3000+30:900+30"]

1. Nf3 d5 2. c4 e6 3. e3 Nf6 4. b3 Be7 5. Bb2 dxc4 6. bxc4 c5 7. d4 cxd4 8. exd4 O-O 9. Bd3 Nc6 10. O-O b6 11. Nc3 Bb7 12. Rc1 Rc8 13.
Re1 Rc7 14. a3 Kh8 15. Ne2 Rd7 16. Qd2 Na5 17. Qe3 Ng4 18. Qf4 Bxf3 19. gxf3 Nf6 20. d5 b5 21. cxb5 Rxd5 22. Bb1 Rxb5 23. Be5 Nb3 24. Rcd1 Qa5 25. Ng3 Rd5 26. Rxd5 Qxe1+ 27. Kg2 Qxb1 28. Rb5 Qd3 29. Rb7 Bd8 30. Bd6 Rg8 31. Rxf7 Nd4 32. Ne4 Nxf3 0-1

[Event "FIDE Womens Grand Swiss 2021"]
[Site "Riga"]
[Date "2021.11.01"]
[Round "6.16"]
[White "Stefanova, Antoaneta"]
[Black "Padmini, Rout"]
[Result "1-0"]
[ECO "D05"]
[WhiteElo "2475"]
[BlackElo "2380"]
[Annotator "ChessBase"]
[PlyCount "125"]
[EventDate "2021.10.27"]
[EventType "swiss"]
[EventCountry "LAT"]
[Tiebreak "Cut1 Buchholz+Sonneborn-Berger (Swiss)"]
[SourceTitle "playchess.com"]
[Source "ChessBase"]
[SourceQuality "1"]
[TimeControl "40/6000+30:20/3000+30:900+30"]

1. d4 Nf6 2. Nf3 e6 3. e3 c5 4. b3 d5 5. Bb2 Bd6 6. Bd3 O-O 7. O-O b6 8. dxc5 bxc5 9. c4 Bb7 10. cxd5 exd5 11. Nc3 Nbd7 12. Bf5 Qe7 13. Rc1 Rad8 14. Re1 Bb8 15. Bh3 Ne5 16. Nxe5 Qxe5 17. g3 Qg5 18. Qf3 Qh6 19. Bf5 Be5 20. Na4 Bxb2 21. Nxb2 g6 22. Bd3 Ne4 23. Bxe4 dxe4 24. Qf6 Rd5 25. Qe7 Rd2 26. Nd1 Bc8 27. Qxe4 Qh5 28. Nc3 Bg4 29. h4 g5 30. Qe7 Bf3 31. Ne4 Bxe4 32. Qxe4 gxh4 33. Qxh4 Qxh4 34. gxh4 Rxa2 35. Rxc5 Rb8 36. Rd1 Rxb3 37. Rd7 Rb6 38. Rf5 f6 39. Rc5 Rb8 40. Rcc7 h5 41. Rg7+ Kh8 42. Rh7+ Kg8 43. Rxh5 a5 44. Ra7 a4 45. Rc5 a3 46. Kg2 Kh8 47. Rcc7 Ra1 48.
h5 Rg8+ 49. Kf3 Rg5 50. h6 Rag1 51. Rh7+ Kg8 52. Rhf7 Kh8 53. Rxf6 Rg8 54. Rxa3 Re8 55. Ra7 Rh1 56. Raf7 Kg8 57. Rg7+ Kh8 58. Rg4 Kh7 59. Rg7+ Kh8 60. Rd7 Kg8 61. e4 Rh4 62. e5 Rxe5 63. Rg7+ 1-0

[Event "FIDE Womens Grand Swiss 2021"]
[Site "Riga"]
[Date "2021.11.01"]
[Round "6.17"]
[White "Cramling, Pia"]
[Black "Houska, Jovanka"]
[Result "1-0"]
[ECO "D23"]
[WhiteElo "2447"]
[BlackElo "2381"]
[Annotator "ChessBase"]
[PlyCount "51"]
[EventDate "2021.10.27"]
[EventType "swiss"]
[EventCountry "LAT"]
[Tiebreak "Cut1 Buchholz+Sonneborn-Berger (Swiss)"]
[SourceTitle "playchess.com"]
[Source "ChessBase"]
[SourceQuality "1"]
[TimeControl "40/6000+30:20/3000+30:900+30"]

1. c4 c6 2. Nf3 d5 3. d4 Nf6 4. Qc2 dxc4 5. Qxc4 Bf5 6. g3 e6 7. Bg2 Be7 8. Qb3 Qb6 9. Nbd2 O-O 10. O-O Rd8 11. Nc4 Qa6 12. Bf4 Be4 13.
Rfd1 Bd5 14. Nfe5 Nbd7 15. Qc2 Nxe5 16. Nxe5 Bxg2 17. Kxg2 Rac8 18. a3 Nd5 19. Rac1 Nxf4+ 20. gxf4 Qb5 21. Rd3 Qd5+ 22. f3 f6 23. Ng4 Qf5 24. e3 c5 25. Rc3 g5 26. Nh6+ 1-0

[Event "FIDE Womens Grand Swiss 2021"]
[Site "Riga"]
[Date "2021.11.01"]
[Round "6.18"]
[White "Lujan, Carolina"]
[Black "Atalik, Ekaterina"]
[Result "1/2-1/2"]
[ECO "B11"]
[WhiteElo "2340"]
[BlackElo "2420"]
[Annotator "NA"]
[PlyCount "78"]
[EventDate "2021.10.27"]
[EventType "swiss"]
[EventCountry "LAT"]
[Tiebreak "Cut1 Buchholz+Sonneborn-Berger (Swiss)"]
[SourceTitle "playchess.com"]
[Source "ChessBase"]
[SourceQuality "1"]
[TimeControl "40/6000+30:20/3000+30:900+30"]

1. e4 c6 2. Nf3 d5 3. Nc3 Nf6 4. e5 Ne4 5. d4 Nxc3 6. bxc3 e6 7. Bd3 c5 8. h4 c4 9. Be2 Nc6 10. h5 h6 11. a4 Qa5 12. Bd2 Bd7 13. Qb1 O-O-O 14. Qa2 f6 15.
exf6 gxf6 16. Nh4 Bd6 17. Ng6 Rh7 18. Qb2 Re8 19. Qc1 e5 20.
Kf1 Ne7 $15 21. Bxh6 Rxh6 22. Qxh6 exd4 23. Nxe7+ Rxe7 24. cxd4 Qc3 25. Qc1 Qxd4 26. c3 Qe5 27. Bf3 Bf5 28. Qd2 Bd3+ 29. Kg1 d4 30. Rc1 dxc3 31. Qe3 Qxe3 32. fxe3 Bc5 33. Rxc3 Rxe3 34. Kf2 Re5+ 35. Kg3 Rg5+ 36. Kf4 Rf5+ 37. Kg4 Rg5+ 38. Kf4 Rf5+ 39. Kg4 Rg5+ 1/2-1/2

[Event "FIDE Womens Grand Swiss 2021"]
[Site "Riga"]
[Date "2021.11.01"]
[Round "6.19"]
[White "Hoang, Thanh Trang"]
[Black "Sukandar, Irine Kharisma"]
[Result "0-1"]
[ECO "D05"]
[WhiteElo "2380"]
[BlackElo "2406"]
[Annotator "NA"]
[PlyCount "92"]
[EventDate "2021.10.27"]
[EventType "swiss"]
[EventCountry "LAT"]
[Tiebreak "Cut1 Buchholz+Sonneborn-Berger (Swiss)"]
[SourceTitle "playchess.com"]
[Source "ChessBase"]
[SourceQuality "1"]
[TimeControl "40/6000+30:20/3000+30:900+30"]

1. d4 d5 2. Nf3 Nf6 3. e3 c5 4. Nbd2 Nc6 5. c3 cxd4 6. exd4 Bf5 7. Be2 h6 8. O-O e6 9. Re1 Bd6 10. Nf1 Qc7 11. Ng3 Bh7 12. Bd3 Bxd3 13.
Qxd3 O-O-O 14. Bd2 g5 15. Rac1 g4 16. Ne5 Bxe5 17. dxe5 Nd7 18. Nh5 Ndxe5 19. Qg3 Nc4 20. Bf4 e5 21. b3 $15 Rhg8 22. Bxh6 Nd6 23. Bd2 f5 24. Nf6 Ne4 25. Rxe4 dxe4 26. Nxg8 Rxd2 27. Qh4 Qd6 28. h3 e3 29. fxe3 Qd5 30. e4 Qxe4 31. Qg3 gxh3 32. Qxh3 Rxg2+ 33. Qxg2 Qe3+ 34. Kh2 Qf4+ 35. Kh3 Qxc1 36. c4 e4 37. Qf2 Qh1+ 38. Qh2 Qf3+ 39. Qg3 Qf1+ 40. Kh4 Qh1+ 41. Kg5 e3 42. Nf6 e2 43. Nd5 Qh7 44. Qc3 Ne7 45. Qa5 Nxd5 46. cxd5 Qe7+ 0-1

[Event "FIDE Womens Grand Swiss 2021"]
[Site "Riga"]
[Date "2021.11.01"]
[Round "6.20"]
[White "Divya Deshmukh"]
[Black "Bivol, Alina"]
[Result "0-1"]
[ECO "B15"]
[WhiteElo "2305"]
[BlackElo "2392"]
[Annotator "NA"]
[PlyCount "118"]
[EventDate "2021.10.27"]
[EventType "swiss"]
[EventCountry "LAT"]
[Tiebreak "Cut1 Buchholz+Sonneborn-Berger (Swiss)"]
[SourceTitle "playchess.com"]
[Source "ChessBase"]
[SourceQuality "1"]
[TimeControl "40/6000+30:20/3000+30:900+30"]

1. e4 c6 2. Nc3 d5 3. Nf3 dxe4 4. Nxe4 Nf6 5. Nxf6+ exf6 6. d4 Bd6 7. Be2 O-O 8. O-O Re8 9. Be3 Nd7 10. c4 Nf8 11. Qb3 Ng6 12. c5 Bf4 13.
Bc4 Qc7 14. Rfe1 Be6 15. Bxe6 Rxe6 16. g3 Bxe3 17. Rxe3 Rxe3 18. Qxe3 Qd7 19. Re1 Rd8 20. Kg2 Nf8 21. Qa3 a6 22. Re3 $17 Ne6 23. h4 g5 24. hxg5 fxg5 25. Qb3 Qd5 26. Qxd5 Rxd5 27. Rb3 g4 28. Ne5 Nxd4 29. Rd3 h5 30. b4 Rxe5 31. Rxd4 Kf8 32. Rd8+ Re8 33. Rd6 Re7 34. Rh6 Re5 35. Rh8+ Kg7 36. Rb8 Re7 37. Kf1 f5 38. Rd8 Kg6 39. Rd6+ Kg5 40. Rd8 Rg7 41. Rf8 Re7 42. Kg2 Kg6 43. a3 Rf7 44. Rg8+ Rg7 45. Rf8 Rh7 46. Kf1 h4 47. gxh4 Rxh4 48. Kg2 Rh7 49. Kg3 Rh3+ 50. Kg2 Rxa3 51. Rb8 f4 52. Rxb7 Ra2 53. Kg1 Kf5 54. f3 g3 55. Rc7 Rf2 56. Rxc6 Rxf3 57. Rxa6 Rc3 58. c6 Rc1+ 59. Kg2 Kg4 0-1

[Event "FIDE Womens Grand Swiss 2021"]
[Site "Riga"]
[Date "2021.11.01"]
[Round "6.21"]
[White "Cori T., Deysi"]
[Black "Kamalidenova, Meruert"]
[Result "1-0"]
[ECO "D78"]
[WhiteElo "2382"]
[BlackElo "2339"]
[Annotator "NA"]
[PlyCount "109"]
[EventDate "2021.10.27"]
[EventType "swiss"]
[EventCountry "LAT"]
[Tiebreak "Cut1 Buchholz+Sonneborn-Berger (Swiss)"]
[SourceTitle "playchess.com"]
[Source "ChessBase"]
[SourceQuality "1"]
[TimeControl "40/6000+30:20/3000+30:900+30"]

1. d4 Nf6 2. Nf3 g6 3. g3 Bg7 4. Bg2 O-O 5. O-O d5 6. c4 c6 7. Ne5 dxc4 8. Nxc4 Be6 9. Ne5 Nbd7 10. Nf3 Ne4 11. Qc2 Bd5 12. Rd1 f5 13. Be3 Qe8 14. Ne1 e5 15. dxe5 Nxe5 16. Bd4 $11 Qe6 17. Nc3 Nxc3 18. Qxc3 Rad8 19. Nd3 Bxg2 20. Nf4 Qe7 21. Kxg2 Rfe8 22. Qb3+ Qf7 23. Bxa7 Qxb3 24. axb3 Nf7 25. Rxd8 Nxd8 26.
Bb6 Ne6 27. Nd3 Bd4 28. Bxd4 Nxd4 29. Ra7 b5 30. e3 Nxb3 31. Rc7 Rd8 32. Ne5 c5 33. Nd7 c4 34. Nf6+ Kf8 35. Nxh7+ Kg8 36. Nf6+ Kf8 37. Nh7+ Kg8 38. Nf6+ Kf8 39. g4 fxg4 40. Kg3 Rd2 41. Kf4 Rxb2 42. Kg5 Rxf2 43. Kxg6 Rxf6+ 44. Kxf6 Ke8 45. Ke6 Kd8 46. Rc6 Nc1 47. Kd6 Ne2 48. Rb6 Ke8 49. Rxb5 g3 50. Ke6 Kd8 51. hxg3 Nxg3 52. Rd5+ Kc7 53. Rc5+ Kb6 54. Rxc4 Nf1 55. Rc3 1-0

[Event "FIDE Womens Grand Swiss 2021"]
[Site "Riga"]
[Date "2021.11.01"]
[Round "6.23"]
[White "Eizaguerri Floris, Maria"]
[Black "Arabidze, Meri"]
[Result "1/2-1/2"]
[ECO "B33"]
[WhiteElo "2328"]
[BlackElo "2441"]
[Annotator "NA"]
[PlyCount "125"]
[EventDate "2021.10.27"]
[EventType "swiss"]
[EventCountry "LAT"]
[Tiebreak "Cut1 Buchholz+Sonneborn-Berger (Swiss)"]
[SourceTitle "playchess.com"]
[Source "ChessBase"]
[SourceQuality "1"]
[TimeControl "40/6000+30:20/3000+30:900+30"]

1. e4 c5 2. Nf3 Nc6 3. d4 cxd4 4. Nxd4 Nf6 5. Nc3 e5 6.
Ndb5 d6 7. Nd5 Nxd5 8. exd5 Nb8 9. a4 Be7 10. Be2 O-O 11.
O-O a6 12. Na3 Nd7 13. Nc4 f5 14. f4 Bf6 15. a5 Qc7 16. Be3 exf4 17. Bxf4 Ne5 18. Nb6 Rb8 19. Be3 Ng6 20. Rb1 Qe7 (20... f4 $5
21. Bxf4 Bf5 22. Bxd6 Qxd6 23. Rxf5 Bd4+ 24. Qxd4 Rxf5 $11) 21. Bf2 Be5 $14 22. b4 Nf4 23. Bf3 g5 24. Qd2 g4 25. Bd1 Ng6 26. Rb3 Bd7 27. Nxd7 Qxd7 28. c4 f4 29. Bc2 Qg7 30. Qd1 Ne7 31. g3 f3 32. Qd2 Rbc8 33.
c5 Rfd8 34. Be4 h5 35. Kh1 Kh8 36. h4 Ng8 37. Bf5 Rc7 38. c6 bxc6 39. Bb6 Bxg3 40. Bxc7 Qxc7 41. Qg5 Qf7 42. Be6 Qf6 43. Qxf6+ Nxf6 44. dxc6 d5 45. Rc1 Bc7 46. b5 axb5 47. Rxb5 Ne4 48. Rb7 Ng3+ 49. Kh2 Ne2+ 50. Rxc7 Nxc1 51. Rd7 Rf8 52. c7 f2 53. Rf7 Rxf7 54. c8=Q+ Kg7 55. Qc3+ Kf8 56. Qh8+ Ke7 57. Bxf7 f1=Q 58. Qe8+ Kf6 59. Qe6+ Kg7 60. Qg6+ Kf8 61. Qg8+ Ke7 62. Qe8+ Kf6 63. Qe6+ 1/2-1/2

[Event "FIDE Womens Grand Swiss 2021"]
[Site "Riga"]
[Date "2021.11.01"]
[Round "6.24"]
[White "Cyfka, Karina"]
[Black "Milliet, Sophie"]
[Result "1-0"]
[ECO "A61"]
[WhiteElo "2409"]
[BlackElo "2410"]
[Annotator "ChessBase"]
[PlyCount "153"]
[EventDate "2021.10.27"]
[EventType "swiss"]
[EventCountry "LAT"]
[Tiebreak "Cut1 Buchholz+Sonneborn-Berger (Swiss)"]
[SourceTitle "playchess.com"]
[Source "ChessBase"]
[SourceQuality "1"]
[TimeControl "40/6000+30:20/3000+30:900+30"]

1. d4 Nf6 2. Nf3 e6 3. c4 c5 4. d5 d6 5. Nc3 exd5 6. cxd5 g6 7. Bf4 Bg7 8. Qa4+ Bd7 9. Qb3 b5 10. e3 c4 11. Qd1 b4 12. Nb1 c3 13.
bxc3 bxc3 14. Nxc3 Qa5 15. Qd2 O-O 16. Bxd6 Ng4 17. Rc1 Rc8 18. Nd4 Na6 19. Be2 Nc5 20. O-O Na4 21. Ne4 Qxd5 22. Bf3 Kh8 23. Qb4 Rxc1 24. Rxc1 Ne5 25. Bxe5 Qxe5 26. Nf6 Rb8 27. Nxd7 Rxb4 28. Nxe5 Bxe5 29. Nc6 Bb2 30. Rd1 Rb7 31. g4 Nc3 32. Rd2 Ba3 33. Kg2 Kg7 34. Rc2 Nb1 35. Bd5 Rc7 36. Rc4 Bd6 37. e4 Na3 38. Ra4 Nb5 39. Ra5 Nc3 40. Rxa7 Nxd5 41. exd5 Rc8 42. Rd7 Ba3 43. Nd8 Rc2 44. g5 Kf8 45. Rxf7+ Ke8 46. Rf3 Rxa2 47. Ne6 Bd6 48. Rd3 Ra5 49. h3 Kd7 50. Kf3 Be7 51. h4 Kd6 52. Nf4 Ra2 53.
Rb3 Bd8 54. Rc3 Kd7 55. Nd3 Bb6 56. Rc6 Bd4 57. Nc5+ Ke8 58.
Ne4 Ra3+ 59. Kg2 Ra7 60. Nd6+ Kd7 61. Nb5 Ra4 62. Rc7+ Kd8 63. Rxh7 Be5 64. Na7 Ke8 65. Nc8 Kd8 66. Ne7 Bd6 67. Nxg6 Rd4 68. Rh8+ Kc7 69. Rh7+ Kd8 70. Nh8 Ke8 71. g6 Be5 72. Nf7 Bf6 73. Nd6+ Kd8 74. h5 Rxd5 75. Ne4 Bd4 76. h6 Ke8 77. Rb7 1-0

[Event "FIDE Womens Grand Swiss 2021"]
[Site "Riga"]
[Date "2021.11.01"]
[Round "6.25"]
[White "February, Jesse Nikki"]
[Black "Golsta, Madara"]
[Result "0-1"]
[ECO "B76"]
[WhiteElo "1857"]
[BlackElo "2003"]
[Annotator "ChessBase"]
[PlyCount "164"]
[EventDate "2021.10.27"]
[EventType "swiss"]
[EventCountry "LAT"]
[Tiebreak "Cut1 Buchholz+Sonneborn-Berger (Swiss)"]
[SourceTitle "playchess.com"]
[Source "ChessBase"]
[SourceQuality "1"]
[TimeControl "40/6000+30:20/3000+30:900+30"]

1. e4 c5 2. Nf3 d6 3. d4 cxd4 4. Nxd4 Nf6 5. Nc3 g6 6. Be3 Bg7 7. f3 O-O 8. Qd2 Nc6 9. g4 Be6 10. Nxe6 fxe6 11. O-O-O Ne5 12. Be2 Qc8 13. Bh6 Nc4 14. Qg5 Nxb2 15. Bxg7 Qxc3 16. Bxf8 Rc8 17. Qd2 Qa3 18. Kb1 Na4 19. c4 Nc3+ 20. Ka1 Kxf8 21. Rc1 Na4 22. Rc2 Qc5 23. Rd1 g5 24. Qd4 Qxd4+ 25. Rxd4 e5 26. Rd1 Nc5 27. h4 h6 28. Rh1 Kg7 29. Bf1 Ne6 30. hxg5 hxg5 31. Rb2 b6 32. a4 Rc7 33. Ka2 Nd4 34. Rh3 Nh7 35. Ka3 Nf8 36. Rbh2 Ng6 37. Rh7+ Kg8 38. R7h5 Ne6 39. Rc2 Ngf4 40. Rh6 Nd4 41. Rc3 Kg7 42. Rh2 Rc8 43. Kb4 a5+ 44. Ka3 b5 45. axb5 Nxb5+ 46. cxb5 Rxc3+ 47. Ka2 Ne6 48. b6 Nc5 49. Rb2 Rxf3 50. Bc4 Rf8 51. b7 Rb8 52. Bd5 e6 53. Bc6 Na6 54. Ka3 Kf7 55. Ka4 Nb4 56. Rxb4 axb4 57. Kxb4 Ke7 58. Kb5 d5 59. exd5 e4 60. dxe6 e3 61. Bf3 Rxb7+ 62. Kc4 Kxe6 63. Kd4 Rb4+ 64. Kxe3 Ke5 65. Bd1 Rc4 66. Kf2 Kf4 67. Kg2 Rc1 68. Be2 Rc2 69. Kh3 Rc3+ 70. Kg2 Re3 71. Bd1 Re1 72. Bf3 Rb1 73. Be2 Rb2 74. Kh3 Ra2 75. Bd1 Rd2 76. Be2 Ke3 77. Bc4 Kf2 78. Bf7 Rd8 79. Bg6 Rh8+ 80. Bh5 Rh7 81. Kh2 Rxh5+ 82. gxh5 g4 0-1

[Event "FIDE Womens Grand Swiss 2021"]
[Site "Riga"]
[Date "2021.11.03"]
[Round "7.9"]
[White "Badelka, Olga"]
[Black "Osmak, Iulija"]
[Result "1-0"]
[ECO "C11"]
[WhiteElo "2438"]
[BlackElo "2423"]
[Annotator "NA"]
[PlyCount "91"]
[EventDate "2021.10.27"]
[EventType "swiss"]
[EventCountry "LAT"]
[Tiebreak "Cut1 Buchholz+Sonneborn-Berger (Swiss)"]
[SourceTitle "playchess.com"]
[Source "ChessBase"]
[SourceQuality "1"]
[TimeControl "40/6000+30:20/3000+30:900+30"]

1. e4 e6 2. d4 d5 3. Nc3 Nf6 4. e5 Nfd7 5. f4 c5 6. Nf3 Nc6 7. Be3 Qb6 8. Na4 Qc7 9. c3 c4 10. b4 a5 11. a3 Be7 12. Be2 O-O 13. O-O b5 14. Nc5 Nxc5 15. dxc5 f6 16. exf6 Bxf6 $11 17. Rc1 axb4 18.
axb4 Ra2 19. Rf2 Ne7 20. Rc2 Rxc2 21. Qxc2 Bd7 22. Qd2 Nf5 23. g4 Nxe3 24. Qxe3 g6 25. Bf1 Bg7 26. Nd4 Re8 27. Bg2 Kh8 28. Nf3 Rf8 29. Ng5 Qc8 30.
h4 Qd8 31. Nf3 Bc8 32. g5 Qc7 33. Nd4 Bd7 34. Bh3 e5 35. fxe5 Rxf2 36. Kxf2 Bxh3 37. Qxh3 Bxe5 38. Nxb5 Qb8 39. Qf3 Bg7 40. Nd6 d4 41. cxd4 Bxd4+ 42. Ke2 h5 43. Qe4 Bg7 44. Qe8+ Qxe8+ 45. Nxe8 Be5 46. c6 1-0

[Event "FIDE Womens Grand Swiss 2021"]
[Site "Riga"]
[Date "2021.11.03"]
[Round "7.11"]
[White "Shuvalova, Polina"]
[Black "Garifullina, Leya"]
[Result "1-0"]
[ECO "B93"]
[WhiteElo "2509"]
[BlackElo "2409"]
[Annotator "RC"]
[PlyCount "95"]
[EventDate "2021.10.27"]
[EventType "swiss"]
[EventCountry "LAT"]
[Tiebreak "Cut1 Buchholz+Sonneborn-Berger (Swiss)"]
[SourceTitle "playchess.com"]
[Source "ChessBase"]
[SourceQuality "1"]
[TimeControl "40/6000+30:20/3000+30:900+30"]

1. e4 c5 2. Nf3 d6 3. d4 cxd4 4. Nxd4 Nf6 5. Nc3 a6 6. f4 e5 7. Nb3 Be7 8. fxe5 dxe5 9. Qxd8+ Bxd8 10. Be3 Nc6 11. O-O-O Bg4 12. Rd2 Be6 13. h3 Bxb3 14. axb3 Ba5 15. Bd3 O-O 16. g4 Rac8 17. g5 Nh5 18. Rf2 Nb4 19. Be2 Ng3 20. Rg1 Nxe2+ 21. Rxe2 f5 22. gxf6 Rxf6 23. Nd5 Nxd5 24. exd5 b5 25. c3 Bd8 26. Kc2 Rd6 27. Rd2 a5 28. Rg4 h5 29. Re4 Bf6 30. c4 Rd7 31. Kd1 Be7 32. cxb5 Rb8 33.
b6 Bd8 34. b4 a4 35. Rxe5 Bxb6 36. Bc5 h4 37. d6 Bd8 38. Re8+ Kf7 39. Rde2 Rb6 40. Bxb6 Rxd6+ 41. Kc2 Bxb6 42. R8e4 Rc6+ 43. Kd3 g5 44. b5 Rd6+ 45. Kc2 Kf6 46. Rd2 Re6 47. Rxe6+ Kxe6 48. Rg2 1-0

[Event "FIDE Womens Grand Swiss 2021"]
[Site "Riga"]
[Date "2021.11.03"]
[Round "7.18"]
[White "Atalik, Ekaterina"]
[Black "Sargsyan, Anna M."]
[Result "1-0"]
[ECO "D02"]
[WhiteElo "2420"]
[BlackElo "2402"]
[Annotator "NA"]
[PlyCount "85"]
[EventDate "2021.10.27"]
[EventType "swiss"]
[EventCountry "LAT"]
[Tiebreak "Cut1 Buchholz+Sonneborn-Berger (Swiss)"]
[SourceTitle "playchess.com"]
[Source "ChessBase"]
[SourceQuality "1"]
[TimeControl "40/6000+30:20/3000+30:900+30"]

1. d4 d5 2. Nf3 Nf6 3. g3 Bf5 4. Nh4 Bg4 5. h3 Bd7 6. Bg2 c5 7. c3 Nc6 8. dxc5 e6 9. Be3 Ne5 10. Nd2 Qc7 11. b4 b6 12. Bf4 Nh5 13.
Bxe5 Qxe5 14. O-O Nf6 15. cxb6 axb6 16. Nc4 Qb8 17. Ne3 b5 18. Nf3 Bd6 19. Nd4 O-O 20. a3 Rc8 21. Qd3 Be8 $11 22. Rfc1 Ra7 23. Ng4 Nd7 24. Qxb5 Qa8 25. Qd3 Rxa3 26. Rab1 Qb8 27. Nb3 h5 28. Ne3 Ne5 29. Qd2 Qa7 30. Na5 h4 31. g4 Ra4 32. Ra1 Rxa1 33.
Rxa1 Ng6 34. c4 Be5 35. Ra2 d4 36. Nc2 Nf4 37. Ne1 Nxg2 38.
Kxg2 Bc7 39. Nf3 e5 40. Nc6 Qb7 41. Ne7+ Kf8 42. Nxc8 e4 43. Qxd4 1-0

[Event "FIDE Womens Grand Swiss 2021"]
[Site "Riga"]
[Date "2021.11.03"]
[Round "7.21"]
[White "Padmini, Rout"]
[Black "Cyfka, Karina"]
[Result "0-1"]
[ECO "D02"]
[WhiteElo "2380"]
[BlackElo "2409"]
[Annotator "NA"]
[PlyCount "86"]
[EventDate "2021.10.27"]
[EventType "swiss"]
[EventCountry "LAT"]
[Tiebreak "Cut1 Buchholz+Sonneborn-Berger (Swiss)"]
[SourceTitle "playchess.com"]
[Source "ChessBase"]
[SourceQuality "1"]
[TimeControl "40/6000+30:20/3000+30:900+30"]

1. Nf3 d5 2. g3 Nd7 3. d4 Nb6 4. Bg2 Bf5 5. O-O e6 6. Ne5 Nf6 7. c4 c6 8. b3 Be7 9. Nc3 O-O 10. Bb2 h6 11. e3 Bh7 12. Qe2 Nfd7 13.
Rad1 a5 14. f4 Nxe5 15. dxe5 Bc5 $11 16. Ne4 Be7 17. g4 a4 18. f5 axb3 19. axb3 Ra2 20. Nc3 Rxb2 21. Qxb2 Bc5 22. cxd5 Bxe3+ 23. Kh1 cxd5 24. fxe6 fxe6 25. Rxf8+ Qxf8 26.
Nb5 Qf4 27. Nd6 d4 28. Rf1 Qxe5 29. Nf7 Qc7 30. Qe2 Bg6 31. Nxh6+ gxh6 32. Qf3 Qe7 33. b4 Nd5 34. b5 Kh7 35. Qg3 Nf6 36. h4 Ne4 37. Bxe4 Bxe4+ 38. Kh2 e5 39. Kh3 Bf4 40. Qb3 h5 41. Rg1 Qc7 42. gxh5 Qc3+ 43. Qxc3 dxc3 0-1

[Event "FIDE Womens Grand Swiss 2021"]
[Site "Riga"]
[Date "2021.11.03"]
[Round "7.22"]
[White "Houska, Jovanka"]
[Black "Divya Deshmukh"]
[Result "0-1"]
[ECO "D45"]
[WhiteElo "2381"]
[BlackElo "2305"]
[Annotator "NA"]
[PlyCount "112"]
[EventDate "2021.10.27"]
[EventType "swiss"]
[EventCountry "LAT"]
[Tiebreak "Cut1 Buchholz+Sonneborn-Berger (Swiss)"]
[SourceTitle "playchess.com"]
[Source "ChessBase"]
[SourceQuality "1"]
[TimeControl "40/6000+30:20/3000+30:900+30"]

1. d4 Nf6 2. c4 e6 3. Nf3 d5 4. Nc3 c6 5. e3 Nbd7 6. Be2 dxc4 7. a4 Bd6 8.
Nd2 Bb4 9. Nxc4 Qe7 10. O-O e5 11. Na2 Bd6 12. Nxd6+ Qxd6 13. b4 exd4 14. Bb2 a5 15. b5 O-O 16. Rc1 $14 Qe6 17. Bc4 Qe7 18. Qxd4 c5 19. Qf4 Nb6 20. Bd3 Be6 21. Qh4 h6 22. Nc3 Nfd5 23. Qe4 Nf6 24. Qe5 Rfd8 25. Rfd1 Nbd7 26. Qg3 c4 27. Bc2 Nc5 28. e4 Nh5 29. Qe5 Qg5 30. Nd5 Bxd5 31. exd5 Nf4 32. Qxg5 hxg5 33. Rd2 Rxd5 34. Rxd5 Nxd5 35. Bd4 Nb3 36. Rd1 Nf4 37. Be3 Ne6 38. Rd7 Nec5 39. Bxc5 Nxc5 40. Rd4 Re8 41. Kf1 Nb3 42. Rd7 b6 43. Rd6 Kf8 44. f4 gxf4 45. Rxb6 Nd4 46. Bd1 c3 47. Ra6 c2 48. Bxc2 Nxc2 49. Rxa5 Ne1 50. h4 Nd3 51. Kg1 Re1+ 52. Kh2 Ne5 53.
g4 f3 54. b6 f2 55. b7 Nxg4+ 56. Kg3 Rg1+ 0-1